 Dungeon Crawl Stone Soup version 0.25-a0-2-g6559c6c (webtiles) character file.

Game seed: 15108670777172915129, levelgen mode: deterministic

71428 TheGoonsmith the Destroyer (level 15, -6/92 HPs)
             Began as a Gargoyle Fire Elementalist on Oct 13, 2019.
             Was a High Priest of Vehumet.
             Hit by a silver javelin thrown by a minotaur (7 damage)
             ... in a Gauntlet on Oct 14, 2019.
             The game lasted 01:40:03 (29430 turns).

TheGoonsmith the Destroyer (GrFE)                  Turns: 29430, Time: 01:40:04

Health: -6/92      AC: 32    Str: 12    XL:     15   Next: 36%
Magic:  3/29       EV: 12    Int: 22    God:    Vehumet [*****.]
Gold:   1563       SH:  6    Dex: 10    Spells: 3/34 levels left

rFire    . . .     SeeInvis .   R - +5 long sword (freeze)
rCold    . . .     Gourm    +   o - +2 buckler
rNeg     + + .     Faith    .   b - +5 ring mail of Oropir {rPois rN+}
rPois    ∞         Spirit   .   V - +1 helmet
rElec    +         Reflect  .   n - +0 cloak
rCorr    +         Harm     .   d - +1 pair of gloves
MR       +....     NoTele   +   L - +2 pair of boots {Stlth+}
Stlth    ++........             q - amulet of the gourmand
HPRegen  0.25/turn              N - ring of wizardry
MPRegen  0.21/turn              w - ring of resist corrosion

@: very slightly contaminated
A: big wings, negative energy resistance 1, electricity resistance, unbreathing,
petrification resistance, rot immunity, AC +11
a: Fly, Renounce Religion


You were in a Gauntlet.
You worshipped Vehumet.
Vehumet was extremely pleased with you.
You were not hungry.

You visited 3 branches of the dungeon, and saw 20 of its levels.
You also visited: Ossuary, Gauntlet and Volcano.

You collected 1563 gold pieces.

Inventory:

Hand Weapons
 D - a +5 dire flail of freezing
 O - a +1 battleaxe of chopping
 R - a +5 long sword of freezing (weapon)
Armour
 b - the +5 ring mail of Oropir (worn) {rPois rN+}
   (You found it on level 4 of the Lair of Beasts)

   It protects you from poison.
   It protects you from negative energy.
 d - a +1 pair of gloves (worn)
 h - a +0 chain mail
 i - a +0 scale mail
 n - a +0 cloak (worn)
 o - a +2 buckler (worn)
 v - a +2 leather armour of magic resistance
 C - a +1 robe of cold resistance
 E - a +3 ring mail of poison resistance
 L - a +2 pair of boots of stealth (worn)
 V - a +1 helmet (worn)
Jewellery
 g - a +3 ring of protection
 m - an uncursed ring of ice
 q - an amulet of the gourmand (around neck)
 w - a ring of resist corrosion (right hand)
 z - an uncursed ring of positive energy
 A - an uncursed ring of fire
 B - an uncursed ring of ice
 N - a ring of wizardry (left hand)
 Q - a cursed amulet of inaccuracy {unknown}
 S - the ring "Ymuts" {Fire MR+ Slay+3, unknown}
   (You found it in a Gauntlet)

   [ring of fire]

   It enhances your fire magic.
   It affects your accuracy and damage with ranged weapons and melee attacks
   (+3).
   It protects you from fire.
   It makes you vulnerable to cold.
   It affects your resistance to hostile enchantments.
 Z - an uncursed ring of protection from fire
Wands
 a - a wand of scattershot (3)
 t - a wand of polymorph (22)
 y - a wand of flame (12)
 P - a wand of iceblast (4)
 W - a wand of digging (5)
 Y - a wand of enslavement (9)
Scrolls
 e - 6 scrolls of remove curse
 r - 3 scrolls of identify
 u - 6 scrolls of amnesia
 G - 3 scrolls of enchant weapon
 I - 7 scrolls of teleportation
 T - a scroll of fog
 U - a scroll of enchant armour
Potions
 f - 2 potions of haste
 j - 2 potions of magic {unknown}
 k - a potion of berserk rage {unknown}
 l - a potion of brilliance {unknown}
 p - a potion of cancellation {unknown}
 s - a potion of resistance
 x - 4 potions of mutation
 F - 4 potions of ambrosia
 H - 4 potions of might
 J - 2 potions of flight {unknown}
 K - 4 potions of agility
 M - 3 potions of degeneration {unknown}
 X - 2 potions of invisibility {unknown}
Comestibles
 c - 29 rations


   Skills:
 - Level 10.0 Fighting
 + Level 2.7 Long Blades
 - Level 4.0 Maces & Flails
 - Level 9.0 Armour
 - Level 4.2 Dodging
 - Level 2.1 Stealth
 - Level 4.0 Shields
 - Level 10.0 Spellcasting
 + Level 14.4 Conjurations
 - Level 10.0 Summonings
 - Level 3.0 Translocations
 - Level 9.1 Fire Magic
 - Level 4.3 Evocations


You had 3 spell levels left.
You knew the following spells:

 Your Spells              Type           Power        Failure   Level  Hunger
a - Flame Tongue          Conj/Fire      #####        1%          1    None
b - Bolt of Fire          Conj/Fire      ######....   1%          6    ######.
c - Conjure Flame         Conj/Fire      ######..     1%          3    None
e - Blink                 Tloc           N/A          1%          2    None
f - Fireball              Conj/Fire      ######....   1%          5    ####...
s - Sticky Flame          Conj/Fire      ######..     1%          4    ##.....
x - Stone Arrow           Conj/Erth      #####.       1%          3    None
z - Spellforged Servitor  Conj/Summ      ######....   8%          7    #######

Your spell library contained the following spells:

 Spells                   Type           Power        Failure   Level  Hunger
 Lightning Bolt           Conj/Air       #####.....   1%          5    ####...
 Apportation              Tloc           ###...       1%          1    None
 Magic Dart               Conj           ####         1%          1    None
 Sandblast                Erth           ##....       1%          1    None
 Summon Small Mammal      Summ           ####         1%          1    None
 Call Imp                 Summ           ######..     1%          2    None
 Searing Ray              Conj           ######       1%          2    None
 Throw Flame              Conj/Fire      ######       1%          2    None
 Dazzling Spray           Conj/Hex       #####.       1%          3    None
 Inner Flame              Hex/Fire       ####....     1%          3    None
 Mephitic Cloud           Conj/Pois/Air  ####....     1%          3    None
 Animate Skeleton         Necr           N/A          4%          1    None
 Confusing Touch          Hex            ##....       4%          1    None
 Corona                   Hex            ##.....      4%          1    None
 Shroud of Golubria       Chrm/Tloc      ###...       4%          2    None
 Ensorcelled Hibernation  Hex/Ice        ##....       7%          2    None
 Passwall                 Tmut/Erth      ##......     7%          2    None
 Slow                     Hex            ##......     7%          2    None
 Confuse                  Hex            ##......     14%         3    None
 Tukima's Dance           Hex            ##......     14%         3    None
 Force Lance              Conj/Tloc      #####...     1%          4    ##.....
 Fulminant Prism          Conj/Hex       #####.....   1%          4    ##.....
 Iskenderun's Mystic Bla  Conj           ######..     1%          4    ##.....
 Lee's Rapid Deconstruct  Erth           ##........   30%         5    ####...
 Petrify                  Tmut/Erth      ##......     41%         4    ##.....
 Deflect Missiles         Chrm/Air       ##........   99%         6    ######.


Dungeon Overview and Level Annotations

Branches:
Dungeon (13/15)            Temple (1/1) D:6            Lair (6/6) D:8
 Shoals (0/4) Lair:3        Snake (0/4) Lair:2        Slime (0/5) Lair:6
    Orc (0/2) D:10        Ossuary (visited)         Volcano (visited)
Gauntlet (1/1)
 Vaults: D:13-14

Altars:
Ashenzari
Cheibriados
Dithmenos
Fedhas
Gozag
Hepliaklqana
Kikubaaqudgha
Nemelex Xobeh
Okawaru
Qazlal
Trog
Uskayaw
Vehumet
Wu Jian
Xom
Yredelemnul
Zin
The Shining One
Jiyva

Shops:
D:10 *

Annotations:
D:4 3 runed translucent doors, YakDotJpg's ghost, novice HOFi
Lair:4 2 transporters, exclusion: oklob plant, Despondentz's ghost, journeyman GrFi
Lair:5 exclusion: oklob plant
Lair:6 3 runed translucent doors, Kera's ghost, journeyman CeHu; Longpig's ghost, journeyman SpAs; dforspid's ghost, journeyman DsWn; partyfoot2's ghost, journeyman FoFi Gauntlet 6 transporters, 17 runed translucent doors, exclusion: orange crystal statue


Innate Abilities, Weirdness & Mutations

You are resistant to torment.
Your stone body is resilient. (AC +11)
You are immune to poison.
Your large and strong wings let you fly indefinitely.
You resist negative energy. (rN+)
You are resistant to electric shocks. (rElec)
You can survive without breathing.
You are immune to petrification.
You are immune to rotting.


Message History

You block the minotaur's attack. The minotaur gores you.
Okay, then.
You eat one of the 30 rations.
That ration really hit the spot!
The minotaur is no longer unusually resistant.
The minotaur hits you but does no damage.
The minotaur gores you.
* * * LOW HITPOINT WARNING * * *
You see here a silver javelin.
The minotaur throws a silver javelin.
The silver javelin pierces through you but does no damage.
* * * LOW HITPOINT WARNING * * *
You see here a silver javelin.
The minotaur throws a silver javelin.
The silver javelin pierces through you but does no damage.
* * * LOW HITPOINT WARNING * * *
You see here a silver javelin.
The minotaur throws a silver javelin.
The silver javelin pierces through you!!
* * * LOW HITPOINT WARNING * * *
You die...

# #.#....8.#..#...+. ##'
#.#.##...#..#...+. #.⌠.
#...##...#§§######
#...∩##.#.##.©.#§§......
+⌠...ZH(#......#§§......
#..⌠.##(#.##.©.#≈.......
###+ #(..##...#..######
#(#.##...#..#...^.
#@#....8.#..#.....
#.#.##...#..#.....
#...##.8.#..#?.^..
######...#..#©8..©
#≈8≈#..#[....
#####..#}.... #..#.^...
###..#..^.^ #8#..######


You could see a minotaur.

Vanquished Creatures
  Gastronok (D:10)
  Kirke (Lair:5)
  Snorg (Lair:5)
  2 fire dragons (Lair:6)
  Josephine (Lair:5)
  A great orb of eyes (Gauntlet)
  Fannar (D:12)
  Harold (D:7)
  8 hydras
  A centaur warrior (D:13)
  2 catoblepae (Lair:6)
  A two-headed ogre (D:13)
  Urug (Lair:3)
  Nergalle (D:10)
  An unseen horror (D:11)
  A swamp dragon (Lair:6)
  Pikel (D:6)
  A lindwurm (Lair:6)
  An oklob plant (Gauntlet)
  2 ugly things
  6 elephants (Lair:6)
  A guardian serpent (Lair:2)
  3 black mambas
  8 spiny frogs
  A kobold demonologist (D:10)
  13 komodo dragons
  5 torpor snails (Lair:6)
  3 rime drakes
  An efreet (Volcano)
  4 trolls
  4 tyrant leeches (Lair:6)
  A polar bear (Lair:6)
  10 hornets
  A meliai zombie (D:10)
  13 hippogriffs
  11 blink frogs
  A snapping turtle (Lair:3)
  6 dream sheep (Lair:6)
  10 wyverns
  12 spriggans (Lair:3)
  A human (D:7)
  4 wraiths
  2 fire elementals (Volcano)
  52 yaks
  6 hogs
  6 basilisks
  2 fire bats (Volcano)
  A neqoxec (Gauntlet)
  2 steam dragons (Lair:6)
  A hungry ghost (D:12)
  Edmund (D:6)
  2 hell hounds (Lair:6)
  3 acid dragons
  16 water moccasins
  12 orc warriors
  7 porcupines
  2 swamp drakes (Lair:6)
  3 ice beasts
  A sky beast (D:7)
  3 black bears
  A phantom (D:6)
  An eye of draining (D:12)
  2 necrophages
  3 boggarts (Lair:3)
  6 wolves (Lair:6)
  18 crocodiles
  7 ogres
  6 centaurs
  17 bullfrogs
  6 big kobolds
  4 gnoll sergeants (D:10)
  2 wyvern zombies (Ossuary)
  2 earth elementals (Volcano)
  A scorpion (D:11)
  A wyvern skeleton (D:12)
  18 killer bees
  8 wights
  2 electric eels (Lair:2)
  4 lava snakes (Volcano)
  4 crimson imps
  2 howler monkeys (D:9)
  4 quasits
  2 centaur zombies
  5 bullfrog zombies
  6 hounds
  A jelly (D:7)
  4 bullfrog skeletons
  8 orc wizards
  A centaur skeleton (D:6)
  5 orc priests
  13 worker ants
  An iguana (D:7)
  A killer bee zombie (Ossuary)
  5 hound zombies (Ossuary)
  A hound skeleton (D:11)
  17 mummies
  A howler monkey zombie (D:9)
  3 worker ant zombies
  7 gnolls
  11 adders
  An ooze (D:5)
  An adder skeleton (D:4)
  3 adder zombies
  2 worms
  3 dart slugs
  6 leopard geckos
  42 orcs
  5 giant cockroaches
  7 hobgoblins
  19 jackals
  4 quokkas
  A ball python (D:5)
  9 bats
  6 frilled lizards
  8 goblins
  A hobgoblin zombie (D:8)
  2 jackal zombies (Ossuary)
  13 kobolds
  A leopard gecko skeleton (D:5)
  2 leopard gecko zombies (Ossuary)
  An orc zombie (D:8)
  2 quokka zombies (Ossuary)
  10 rats
  2 fungi (Lair:3)
  4 plants (Lair:6)
637 creatures vanquished.

Vanquished Creatures (collateral kills)
  A cacodemon (Gauntlet)
  An ugly thing (Gauntlet)
  2 neqoxecs (Gauntlet)
4 creatures vanquished.

Vanquished Creatures (others)
  4 dream sheep (Lair:6)
  3 slaves (D:6)
  2 humans (Lair:6)
  An ice beast (D:6)
  A crimson imp (D:6)
  27 fungi
  7 plants
  2 withered plants (Lair:6)
47 creatures vanquished.

Grand Total: 688 creatures vanquished

Notes
Turn   | Place    | Note
-------+----------+-------------------------------------------
     0 | D:1      | TheGoonsmith the Gargoyle Fire Elementalist began the quest
                  | for the Orb.
     0 | D:1      | Reached XP level 1. HP: 10/10 MP: 3/3
   360 | D:1      | Reached XP level 2. HP: 15/15 MP: 1/5
   831 | D:2      | Reached skill level 2 in Conjurations
   831 | D:2      | Reached XP level 3. HP: 13/19 MP: 0/6
  1293 | D:2      | Found a glowing golden altar of the Shining One.
  1392 | D:2      | Reached XP level 4. HP: 24/24 MP: 2/8
  2198 | D:3      | Reached XP level 5. HP: 22/28 MP: 1/9
  2285 | D:3      | Reached skill level 3 in Conjurations
  3185 | D:4      | Reached skill level 4 in Conjurations
  3185 | D:4      | Reached XP level 6. HP: 28/32 MP: 6/12
  3524 | D:4      | Found a runed translucent gate.
  3524 | D:4      | Found a runed translucent gate.
  3524 | D:4      | Found a runed translucent gate.
  3526 | D:4      | Noticed YakDotJpg's ghost (novice HOFi)
  3769 | D:4      | Reached skill level 5 in Conjurations
  3808 | D:4      | Learned a level 4 spell: Sticky Flame
  3812 | D:4      | Learned a level 3 spell: Conjure Flame
  4240 | D:5      | Entered Level 5 of the Dungeon
  4279 | D:5      | Reached XP level 7. HP: 35/36 MP: 0/13
  4444 | D:5      | Found a snail-covered altar of Cheibriados.
  4628 | D:5      | Reached skill level 5 in Spellcasting
  4724 | D:5      | Found a blossoming altar of Fedhas.
  4987 | D:6      | Reached skill level 1 in Fighting
  5296 | D:6      | Found a shadowy altar of Dithmenos.
  5375 | D:6      | Noticed Pikel
  5403 | D:6      | Killed Pikel
  5403 | D:6      | Reached skill level 7 in Conjurations
  5403 | D:6      | Reached skill level 5 in Fire Magic
  5403 | D:6      | Reached XP level 8. HP: 39/44 MP: 0/15
  5560 | D:6      | Reached skill level 1 in Armour
  5564 | D:6      | Found a staircase to the Ecumenical Temple.
  5578 | D:6      | Noticed Edmund
  5585 | Temple   | Entered the Ecumenical Temple
  5624 | Temple   | Became a worshipper of Vehumet
  5685 | D:6      | Killed Edmund
  6272 | D:6      | Reached XP level 9. HP: 49/49 MP: 0/16
  6793 | D:7      | Learned a level 5 spell: Fireball
  7177 | D:7      | Found a shimmering altar of Xom.
  7479 | D:7      | Noticed Harold
  7481 | D:7      | Reached skill level 8 in Conjurations
  7497 | D:7      | Killed Harold
  7757 | D:7      | Reached XP level 10. HP: 56/56 MP: 13/20
  7760 | D:7      | Reached skill level 5 in Armour
  7769 | D:7      | Reached skill level 1 in Maces & Flails
  7849 | D:7      | Found a hazy altar of Hepliaklqana.
  8108 | D:8      | Found a sand-covered staircase.
  8116 | Ossuary  | Entered an ossuary
  8251 | Ossuary  | Reached * piety under Vehumet
  8251 | Ossuary  | Offered knowledge of Sandblast by Vehumet.
  8774 | Ossuary  | Offered knowledge of Throw Frost by Vehumet.
  8822 | Ossuary  | Reached ** piety under Vehumet
  8999 | D:8      | Identified a scroll of acquirement
  9105 | D:8      | Found a staircase to the Lair.
  9559 | D:8      | Found a bloodstained altar of Trog.
  9858 | D:8      | Reached skill level 5 in Fighting
 10219 | D:8      | Offered knowledge of Ignite Poison by Vehumet.
 10931 | D:9      | Reached skill level 9 in Conjurations
 11313 | D:9      | Reached XP level 11. HP: 59/63 MP: 17/21
 11464 | D:9      | Got a dazzling spear
 11465 | D:9      | Identified the cursed +3 spear of Demand {freeze, *Drain
                  | +Blink rPois rF++} (You found it on level 9 of the Dungeon)
 11612 | D:9      | Reached *** piety under Vehumet
 12227 | D:10     | Entered Level 10 of the Dungeon
 12353 | D:10     | Found Boinio's Sacrilege Store.
 12359 | D:10     | Noticed a soul eater
 12428 | D:10     | Found a basalt altar of Yredelemnul.
 12564 | D:10     | Learned a level 3 spell: Stone Arrow
 12573 | D:10     | Noticed Nergalle
 12586 | D:10     | Killed Nergalle
 12586 | D:10     | Reached skill level 10 in Conjurations
 12749 | D:10     | Offered knowledge of Iskenderun's Mystic Blast by Vehumet.
 12886 | D:10     | Noticed Gastronok
 12900 | D:10     | Reached skill level 1 in Evocations
 12916 | D:10     | Killed Gastronok
 13500 | D:10     | Found a staircase to the Orcish Mines.
 13673 | D:10     | Reached **** piety under Vehumet
 13750 | Lair:1   | Entered Level 1 of the Lair of Beasts
 13772 | Lair:1   | Reached XP level 12. HP: 55/71 MP: 17/24
 14000 | Lair:1   | Noticed a five-headed hydra
 14011 | Lair:1   | Killed a five-headed hydra
 14011 | Lair:1   | Offered knowledge of Yara's Violent Unravelling by Vehumet.
 14177 | Lair:1   | Learned a level 2 spell: Blink
 15165 | Lair:2   | Found a staircase to the Snake Pit.
 15197 | Lair:2   | Reached skill level 1 in Translocations
 15221 | Lair:2   | Reached ***** piety under Vehumet
 15221 | Lair:2   | Offered knowledge of Spellforged Servitor by Vehumet.
 15231 | Lair:2   | Learned a level 7 spell: Spellforged Servitor
 15332 | Lair:2   | Reached skill level 1 in Summonings
 15621 | Lair:2   | Noticed a six-headed hydra
 15628 | Lair:2   | Killed a six-headed hydra
 15803 | Lair:2   | Reached XP level 13. HP: 67/80 MP: 19/26
 16146 | Lair:3   | Found a dark tunnel.
 16166 | Volcano  | Entered a volcano
 16668 | Volcano  | Found a burning altar of Makhleb.
 17214 | Volcano  | Noticed a stone giant
 17225 | Volcano  | HP: 2/80 [stone giant (11)]
 17589 | Lair:3   | Noticed Urug
 17595 | Lair:3   | Killed Urug
 17803 | Lair:3   | Reached skill level 10 in Fighting
 18064 | Lair:3   | Offered knowledge of Bolt of Cold by Vehumet.
 18064 | Lair:3   | Reached skill level 5 in Summonings
 18374 | Lair:3   | Found a staircase to the Shoals.
 19424 | Lair:4   | Got a bronze ring mail
 19605 | Lair:4   | Noticed a dire elephant
 19607 | Lair:4   | Noticed Despondentz's ghost (journeyman GrFi)
 19610 | Lair:4   | Found a transporter.
 19650 | Lair:4   | Found a transporter.
 19814 | Lair:4   | Identified the +5 ring mail of Oropir {rPois rN+} (You
                  | found it on level 4 of the Lair of Beasts)
 20395 | Lair:5   | Noticed Josephine
 20407 | Lair:5   | Killed Josephine
 20829 | Lair:5   | Noticed Snorg
 21023 | Lair:5   | HP: 3/82 [Snorg (15)]
 21025 | Lair:5   | Killed Snorg
 21826 | Lair:6   | Entered Level 6 of the Lair of Beasts
 21853 | Lair:6   | Gained mutation: Your large and strong wings let you fly
                  | indefinitely. [Gargoyle growth]
 21853 | Lair:6   | Reached XP level 14. HP: 88/88 MP: 16/27
 21960 | Lair:6   | Reached skill level 11 in Conjurations
 22067 | Lair:6   | Found a viscous altar of Jiyva.
 22067 | Lair:6   | Found a staircase to the Slime Pits.
 22081 | Lair:6   | Reached skill level 10 in Spellcasting
 22482 | Lair:6   | Reached skill level 12 in Conjurations
 22486 | Lair:6   | Noticed Kirke
 22500 | Lair:5   | HP: 2/88 [hog[Kirke] (12)]
 22866 | Lair:4   | Upgraded the game from 0.24-b1-1-gac51ba0 to
                  | 0.25-a0-2-g6559c6c
 23184 | Lair:6   | Offered knowledge of Bolt of Fire by Vehumet.
 23477 | Lair:6   | Found a runed translucent gate.
 23477 | Lair:6   | Found a runed translucent gate.
 23477 | Lair:6   | Found a runed translucent gate.
 23477 | Lair:6   | Noticed Longpig's ghost (journeyman SpAs)
 23478 | Lair:6   | Noticed dforspid's ghost (journeyman DsWn)
 23478 | Lair:6   | Noticed partyfoot2's ghost (journeyman FoFi)
 23478 | Lair:6   | Noticed Kera's ghost (journeyman CeHu)
 23565 | Lair:6   | Learned a level 6 spell: Bolt of Fire
 23748 | Lair:6   | Reached skill level 13 in Conjurations
 24108 | Lair:6   | Reached skill level 1 in Shields
 24336 | Lair:5   | Killed Kirke
 25265 | Lair:6   | Found a runed translucent door.
 26038 | Lair:6   | Reached skill level 10 in Summonings
 26121 | Lair:6   | Offered knowledge of Lightning Bolt by Vehumet.
 26164 | Lair:6   | Reached XP level 15. HP: 73/92 MP: 23/29
 27532 | D:12     | Noticed Fannar
 27539 | D:12     | Killed Fannar
 27759 | D:12     | Reached skill level 14 in Conjurations
 28615 | D:13     | Reached skill level 1 in Long Blades
 28655 | D:13     | Found a gate leading to a gauntlet.
 28664 | Gauntlet | Entered a Gauntlet
 28664 | Gauntlet | Found a transporter.
 28664 | Gauntlet | Found a transporter.
 28664 | Gauntlet | Found a transporter.
 28771 | Gauntlet | Found a transporter.
 28784 | Gauntlet | Found the +2 cloak of the Thief {+Fog Slay-2 SInv Stlth+}
 28785 | Gauntlet | Found a transporter.
 28786 | Gauntlet | Found a transporter.
 28795 | Gauntlet | Found a transporter.
 28814 | Gauntlet | Found a large runed translucent door.
 28815 | Gauntlet | Found a large runed translucent door.
 28816 | Gauntlet | Found a large runed translucent door.
 28816 | Gauntlet | Found a large runed translucent door.
 28817 | Gauntlet | Found a runed translucent gate.
 28817 | Gauntlet | Noticed a cacodemon
 28818 | Gauntlet | Found a transporter.
 28818 | Gauntlet | Found a runed translucent gate.
 28819 | Gauntlet | Found a runed translucent gate.
 28820 | Gauntlet | Found a large runed translucent door.
 28820 | Gauntlet | Found a large runed translucent door.
 28821 | Gauntlet | Found a large runed translucent door.
 28822 | Gauntlet | Found a large runed translucent door.
 28831 | Gauntlet | Found a large runed translucent door.
 28831 | Gauntlet | Found a large runed translucent door.
 28831 | Gauntlet | Found a runed translucent door.
 28831 | Gauntlet | Found a runed translucent door.
 28832 | Gauntlet | Found a large runed translucent door.
 28833 | Gauntlet | Found a large runed translucent door.
 28835 | Gauntlet | Found a transporter.
 28839 | Gauntlet | Found a transporter.
 28849 | Gauntlet | Found a transporter.
 28853 | Gauntlet | Found a transporter.
 28921 | Gauntlet | Found a large runed translucent door.
 28922 | Gauntlet | Found a large runed translucent door.
 29254 | Gauntlet | Found a large runed translucent door.
 29254 | Gauntlet | Found a large runed translucent door.
 29268 | Gauntlet | Killed a cacodemon
 29325 | Gauntlet | Got a wavering golden ring
 29326 | Gauntlet | Identified the Catalogue of Flames and Talismans
 29430 | Gauntlet | HP: 1/92 [minotaur/silver javelin (21)]
 29430 | Gauntlet | Hit by a silver javelin thrown by a minotaur

Levels and vault maps discovered:
D:1:      minmay_arrival_up_and_down, layout_loops_cross
D:2:      layout_basic, lemuel_round_altar, first_ration, nrook_mini_vaults
D:3:      layout_loops_cross
D:4:      layout_rooms, gammafunk_ghost_necromancy
D:5:      layout_basic, kennysheep_slug_shrine, fedhas_altar_1
D:6:      layout_basic, minmay_temple_entry_ruins, grunt_dithmenos_smoke,
          uniq_edmund, uniq_pikel
D:7:      layout_loops_cross, overflow_temple_1_default,
          lemuel_coloured_pillars_altar, grunt_livestock, uniq_harold
D:8:      layout_layer_cave, lightli_temple_of_fire, dpeg_oklobed_lair,
          nicolae_ossuary_entry_giza
D:9:      minmay_razor_zed, layout_basic, st_stairs_12,
          kennysheep_generic_room_10
D:10:     layout_loops_ring, kennysheep_orc_monster_closet_entryway,
          nicolae_evil_shop, uniq_gastronok, uniq_nergalle
D:11:     layout_basic
D:12:     layout_gridville, minmay_stone_trees_small, uniq_fannar
D:13:     layout_cave_pools, david_vaults_4, gauntlet_entry_generic,
          hangedman_abyss_or_decor_lesser_grid, nicolae_two_hexagons
Temple:   kb_temple_of_zot
Lair:1:   layout_regular_city, serial_bayou_shore_b
Lair:2:   layout_roguey, minmay_snake_entry_spellcaster, lemuel_old_faithful,
          infiniplex_staircase_pool
Lair:3:   kb_forest_paths, layout_long_grid, minmay_shoals_entry_hut,
          enter_volcano_4, uniq_urug
Lair:4:   layout_cave_pods, gammafunk_ghost_arena, grunt_megastairs_2,
          infiniplex_staircase_pool_2
Lair:5:   layout_gridlike, lemuel_fruit_fields, minmay_lair_oklob_chamber,
          lemuel_fruit_fields, uniq_josephine, uniq_snorg
Lair:6:   wormcave, layout_cave_pods, guppyfry_lair_end_dragon,
          dpeg_slime_entry_enclosed_altar, special_room
          [special_room_mythical_zoo], gammafunk_ghost_cemetery, uniq_kirke
Gauntlet: gammafunk_gauntlet_hard_choice [gammafunk_gauntlet_arena_mazey,
          gammafunk_gauntlet_arena_split_x, gammafunk_gauntlet_arena_chambers,
          gammafunk_gauntlet_arena_split_diamond, gammafunk_gauntlet_arena_open,
          minmay_gauntlet_arena_make_your_own_arena, gauntlet_exit_hidden_loot]

Skill      XL: |  1  2  3  4  5  6  7  8  9 10 11 12 13 14 15 |
---------------+----------------------------------------------+-----
Conjurations   | 2 4 5 7 8 9 10 13 14 | 14.4
Spellcasting   | 3 4 5 7 8 9 10 | 10.0
Fire Magic     | 4 5 6 8 9 |  9.1
Fighting       | 2 3 5 6 8 10 | 10.0
Armour         | 4 7 8 9 |  9.0
Maces & Flails | 4 |  4.0
Evocations     | 4 |  4.3
Dodging        | 4 |  4.2
Translocations | 2 3 |  3.0
Summonings     | 2 7 10 | 10.0
Shields        | 4 |  4.0
Long Blades    | 2 |  2.7
Stealth        | |  2.1

Action                   |  1- 3 |  4- 6 |  7- 9 | 10-12 | 13-15 || total
-------------------------+-------+-------+-------+-------+-------++-------
Melee: Unarmed           |     5 |       |       |       |       ||     5
       Club              |       |    29 |       |       |       ||    29
       Dagger            |       |     7 |    21 |       |       ||    28
       Dire flail        |       |       |    13 |   262 |   185 ||   460
       Long sword        |       |       |       |       |   143 ||   143
 Cast: Flame Tongue      |    63 |   161 |   193 |   467 |   345 ||  1229
       Conjure Flame     |       |     1 |     8 |    14 |     1 ||    24
       Sticky Flame      |       |       |     1 |    74 |   123 ||   198
       Fireball          |       |       |       |    18 |    60 ||    78
       Stone Arrow       |       |       |       |       |    64 ||    64
       Bolt of Fire      |       |       |       |       |    59 ||    59
       Blink             |       |       |       |       |     1 ||     1
       Spellforged Servi |       |       |       |       |     2 ||     2
Evoke: Wand              |       |       |       |     2 |     1 ||     3
  Use: Scroll            |       |     7 |     4 |    11 |     5 ||    27
       Potion            |       |     1 |       |       |     7 ||     8
 Stab: Sleeping          |       |       |     1 |       |     1 ||     2
       Petrified         |       |       |       |       |     1 ||     1
       Distracted        |       |       |       |       |     1 ||     1
  Eat: Chunk             |     2 |     4 |     6 |    22 |    57 ||    91
       Ration            |       |     2 |     1 |     4 |     8 ||    15
Armor: Robe              |    13 |    37 |       |       |       ||    50
       Leather armour    |       |     2 |    42 |    40 |       ||    84
       Ring mail         |       |       |       |   358 |   544 ||   902
Dodge: Dodged            |    23 |    76 |    51 |   306 |   396 ||   852
Block: Buckler           |       |       |       |       |    98 ||    98
       Rpst.: Long sword |       |       |       |       |    29 ||    29

Table legend:
 A = Non-vault XP
 B = Vault XP
 C = Vault XP percentage of total XP
 D = Non-vault monster count
 E = Vault monster count
 F = Vault count percentage of total count
                 A         B        C        D         E       F
            +---------+---------+-------+---------+---------+-------
      Total |   54432 |   47609 |  46.7 |     450 |     185 |  29.1
            +---------+---------+-------+---------+---------+-------
        D:1 |      25 |       0 |   0.0 |      17 |       0 |   0.0
        D:2 |      82 |       0 |   0.0 |      27 |       0 |   0.0
        D:3 |     178 |       0 |   0.0 |      29 |       0 |   0.0
        D:4 |     319 |       0 |   0.0 |      27 |       0 |   0.0
        D:5 |     195 |       4 |   2.0 |      13 |       1 |   7.1
        D:6 |     876 |     820 |  48.3 |      18 |       2 |  10.0
        D:7 |     997 |    2009 |  66.8 |      19 |       6 |  24.0
        D:8 |    1723 |      20 |   1.1 |      31 |       3 |   8.8
        D:9 |    2056 |    1117 |  35.2 |      24 |      11 |  31.4
       D:10 |    1958 |    4904 |  71.5 |      15 |      19 |  55.9
       D:11 |    3264 |       0 |   0.0 |      31 |       0 |   0.0
       D:12 |    3556 |    1007 |  22.1 |      39 |       1 |   2.5
       D:13 |    2201 |       0 |   0.0 |       3 |       0 |   0.0
     Lair:1 |    7333 |       0 |   0.0 |      33 |       0 |   0.0
     Lair:2 |    6049 |     457 |   7.0 |      26 |       1 |   3.7
     Lair:3 |    5861 |    5782 |  49.7 |      32 |      20 |  38.5
     Lair:4 |    2373 |    1558 |  39.6 |      10 |       3 |  23.1
     Lair:5 |    1840 |    6983 |  79.1 |       9 |      11 |  55.0
     Lair:6 |   13546 |   16272 |  54.6 |      47 |      48 |  50.5
    Ossuary |       0 |     938 | 100.0 |       0 |      39 | 100.0
    Volcano |       0 |    1515 | 100.0 |       0 |      11 | 100.0
   Gauntlet |       0 |    4223 | 100.0 |       0 |       9 | 100.0
            +---------+---------+-------+---------+---------+-------
